 Dungeon Crawl Stone Soup version 0.26-a0-597-gb535b0901c (webtiles) character file.

Game seed: 11602411216691187948

688 Alarkh the Ruffian (level 7, 42/55 HPs)
             Began as a Demonspawn Gladiator on Sept 15, 2020.
             Was a Follower of Uskayaw.
             Got out of the dungeon alive.
             The game lasted 00:05:14 (4946 turns).

Alarkh the Ruffian (Demonspawn Gladiator)           Turns: 4946, Time: 00:05:15

Health: 42/55      AC:  2    Str: 15    XL:     7   Next: 36%
Magic:  7/7        EV: 12    Int: 15    God:    Uskayaw [*.....]
Gold:   227        SH:  0    Dex: 14    Spells: 6/6 levels left

rFire    . . .     SeeInvis .     - Unarmed
rCold    + . .     Faith    +   (no shield)
rNeg     . . .     Spirit   .   o - -1 leather armour (curse)
rPois    .         Reflect  .   (helmet restricted)
rElec    .         Harm     .   (no cloak)
rCorr    .                      (no gloves)
MR       .....                  (no boots)
Stlth    +.........             e - amulet of faith
HPRegen  0.18/turn              s - ring of protection from cold
MPRegen  0.10/turn              (no ring)

@: no status effects
A: horns 1, spiny 1, big brain 2
a: Stomp, Renounce Religion


You escaped.
You worshipped Uskayaw.
Uskayaw was noncommittal.
You visited 1 branch of the dungeon, and saw 5 of its levels.

You collected 292 gold pieces.
You spent 65 gold pieces at shops.

Inventory:

Missiles
 c - 3 throwing nets (quivered)
Armour
 a - a +0 leather armour
 b - a +0 helmet
 o - a cursed -1 leather armour (worn)
Jewellery
 e - an amulet of faith (around neck)
 s - a ring of protection from cold (left hand)
Scrolls
 d - a scroll of enchant weapon {unknown}
 f - 2 scrolls of teleportation
 p - 2 scrolls of fear
 q - 2 scrolls of amnesia {unknown}
 r - a scroll of identify
 t - a scroll of noise {unknown}
 v - a scroll of blinking {unknown}
 w - a scroll of magic mapping {unknown}
Potions
 g - 2 potions of curing {unknown}
 h - a potion of degeneration {unknown}
 j - a potion of flight {unknown}
 k - a potion of haste {unknown}
 l - 3 potions of lignification {unknown}
 m - a potion of mutation {unknown}
 n - a potion of stabbing
 u - a potion of brilliance


   Skills:
 + Level 4.9 Fighting
 - Level 1.7 Throwing
 - Level 2.6 Dodging
 * Level 6.7 Unarmed Combat


You had 6 spell levels left.
You didn't know any spells.
Your spell library contained the following spells:

 Spells                   Type           Power        Failure   Level
 Animate Skeleton         Necr           #.....       32%         1
 Apportation              Tloc           #.....       32%         1
 Corona                   Hex            #......      32%         1
 Summon Small Mammal      Summ           #...         32%         1


Dungeon Overview and Level Annotations

Branches:
Dungeon (5/15)
 Temple: D:4-7

Altars:
Elyvilon
Kikubaaqudgha
Uskayaw
Vehumet

Shops:
D:4 ?}


Innate Abilities, Weirdness & Mutations

You have a pair of small horns on your head.
You are partially covered in sharp spines.
You have an extremely huge brain. (Int + 4)


Message History

There is a stone staircase leading down here.
You see here a +0 whip.
There is a stone staircase leading up here.
You climb upwards.
There is a stone staircase leading down here.
There is a stone staircase leading up here.
You climb upwards.
There is a stone staircase leading down here.
There is a large open door here.
There is a large open door here.
You see here 12 arrows.
You see here a stone.
You see here 3 stones.
Things that are here:
a +0 dagger; a +0 club; a +0 club
Things that are here:
4 stones; a +0 short sword
There is a staircase leading out of the dungeon here.
Are you sure you want to leave the Dungeon?
This will make you lose the game!
You have escaped!

..........#.# #.#.###.#.#(..#...
..........#.# #.#.....#.#...#..#
..........#.# #.#####.#.#.......
..........#.# #..............###
##........#.# ###########.#.##..
#........#'## ##.....###(#....#
#.......)...# ##.#####.##)##.).#
#.......†...# #..8≈8≈8.##(.#....
###.........# #@.≈≈≈≈≈.......##.
##..)......# #..8≈8≈8.#.(.###..
#....).....# ##.#####.##.......
#..........# ##.....###.#.#...
###..........#############.#.#...
.............##............#....#
...........####.####.........####
...........# #.####.............
...........# #....#########.####


There were no monsters in sight!

Vanquished Creatures
  Prince Ribbit (D:5)
  A centaur (D:4)
  A scorpion (D:4)
  A howler monkey (D:5)
  A hound (D:5)
  3 orc wizards (D:4)
  A worker ant (D:4)
  A hound skeleton (D:5)
  5 adders
  An ooze (D:2)
  6 worms
  A dart slug (D:3)
  5 leopard geckos
  17 orcs
  5 bats
  6 giant cockroaches
  13 goblins
  10 hobgoblins
  A jackal (D:2)
  11 kobolds
  3 quokkas (D:3)
  A ball python (D:3)
  3 frilled lizards
  5 rats
103 creatures vanquished.

Notes
Turn   | Place    | Note
-------+----------+-------------------------------------------
     0 | D:1      | Alarkh the Demonspawn Gladiator began the quest for the
                  | Orb.
     0 | D:1      | Reached XP level 1. HP: 16/16 MP: 1/1
    38 | D:1      | Reached skill level 3 in Unarmed Combat
    46 | D:1      | Gained mutation: You are partially covered in sharp spines.
                  | [demonic ancestry]
    46 | D:1      | Reached XP level 2. HP: 9/22 MP: 2/2
   979 | D:2      | Reached XP level 3. HP: 20/28 MP: 3/3
  1735 | D:2      | Reached skill level 4 in Unarmed Combat
  1747 | D:2      | Gained mutation: You have an unusually large brain. (Int
                  | +2) [demonic ancestry]
  1747 | D:2      | Reached XP level 4. HP: 30/34 MP: 4/4
  1810 | D:2      | Found a radiant altar of Vehumet.
  3038 | D:3      | Reached XP level 5. HP: 32/41 MP: 5/5
  3213 | D:4      | Found Zumaalan's Magic Scroll Boutique.
  3213 | D:4      | Noticed a centaur
  3223 | D:4      | Killed a centaur
  3223 | D:4      | Reached skill level 5 in Unarmed Combat
  3264 | D:4      | Bought a scroll of teleportation for 30 gold pieces
  3264 | D:4      | Bought a scroll of fear for 35 gold pieces
  3296 | D:4      | Found an ancient bone altar of Kikubaaqudgha.
  3322 | D:4      | Found Disaacah's Gadget Shop.
  3448 | D:4      | Gained mutation: You have an extremely huge brain. (Int +
                  | 4) [demonic ancestry]
  3448 | D:4      | Reached XP level 6. HP: 37/48 MP: 6/6
  4611 | D:5      | Entered Level 5 of the Dungeon
  4611 | D:5      | Found a hide-covered altar of Uskayaw.
  4628 | D:5      | Became a worshipper of Uskayaw the Reveler
  4666 | D:5      | Reached * piety under Uskayaw
  4670 | D:5      | Reached ** piety under Uskayaw
  4673 | D:5      | Reached skill level 6 in Unarmed Combat
  4721 | D:5      | Found a white marble altar of Elyvilon.
  4756 | D:5      | Noticed Prince Ribbit
  4780 | D:5      | Reached *** piety under Uskayaw
  4782 | D:5      | Reached **** piety under Uskayaw
  4790 | D:5      | Killed Prince Ribbit
  4790 | D:5      | Gained mutation: You have a pair of small horns on your
                  | head. [demonic ancestry]
  4790 | D:5      | Reached XP level 7. HP: 13/55 MP: 7/7
  4790 | D:5      | Reached ***** piety under Uskayaw
  4946 | D:$      | Got out of the dungeon alive.

Illustrated notes

Levels and vault maps discovered:
D:1:      lightli_arrival_statue_moat, layout_basic, minmay_pentomino_s4
D:2:      layout_basic, lemuel_doored_altar, nicolae_overflow_hidden_temple,
          chequers_serial_rivers_room_b, minmay_quadrilaterals
D:3:      layout_basic
D:4:      layout_basic, kennysheep_little_box, serial_shops, shop_statue,
          nicolae_shop_behind_doors, grunt_ministairs_15
D:5:      layout_rooms, grunt_temple_overflow_gold_and_silver,
          lemuel_round_altar, lemuel_crystal_altar, lemuel_statue_altar,
          uniq_duvessa, uniq_prince_ribbit1

Skill      XL: |  1  2  3  4  5  6 |
---------------+-------------------+-----
Unarmed Combat | 3 4 5 6 |  6.7
Fighting       | 3 4 |  4.9
Throwing       | |  1.7
Dodging        | |  2.6

Action                   |  1- 3 |  4- 6 |  7- 9 || total
-------------------------+-------+-------+-------++-------
Melee: Unarmed           |   109 |   196 |     4 ||   309
       Punch             |     3 |     2 |       ||     5
       Headbutt          |       |       |     2 ||     2
  Use: Potion            |     1 |     3 |       ||     4
       Scroll            |       |     2 |       ||     2
 Stab: Sleeping          |     1 |     1 |       ||     2
       Paralysed         |       |     1 |       ||     1
Armor: Leather armour    |    28 |    23 |       ||    51
Dodge: Dodged            |    63 |   113 |     1 ||   177

Table legend: (Time is in decaauts)
 A = Elapsed time spent in this place.
 B = Non-inter-level travel time spent in this place.
 C = Inter-level travel time spent in this place.
 D = Time resting spent in this place.
 E = Time spent auto-exploring this place.
 F = Levels seen in this place.
 G = Mean time per level.
                   A        B        C        D        E       F      G
               +--------+--------+--------+--------+--------+-----+--------+
         Total |   4936 |   4712 |    224 |   1175 |   2911 |   5 |  987.2 |
       Dungeon |   4936 |   4712 |    224 |   1175 |   2911 |   5 |  987.2 |
               +--------+--------+--------+--------+--------+-----+--------+

Top non-repeatable levels by time:
     D:4: 1440 daAuts
     D:3: 1138 daAuts
     D:2: 1130 daAuts
     D:1: 1035 daAuts
     D:5: 191 daAuts
